Map: Ley Lines

Players

KimChiLoVer - Winner!

  • Race: Terran Terran
  • Spawn Location: 1:00

A.I. 1 (Elite)

  • Race: Terran Terran
  • Spawn Location: 7:00

VOD

Have the link to the VOD?

Description

Time

  • Played on: Aug. 5, 2025, 8:07 p.m.
  • Length: 10:28
Show
View Real Time Build Order
Export as new Build Order

KimChiLoVer Terran - Winner!

Build Orders: Reaper Expand 

Get SALT Encoding   

  12  0:00  SCV  
  13  0:12  SCV  
  14  0:17  Supply Depot  
  14  0:24  SCV  
  15  0:39  Barracks  
  15  0:40  SCV  
  16  0:45  Refinery  
  16  0:52  SCV  
  17  1:04  SCV  
  18  1:22  SCV  
  19  1:29  Reaper  
  20  1:34  Orbital Command  
  20  1:43  Command Center  
  20  1:59  SCV  
  21  2:06  Factory  
  20  2:12  SCV, Supply Depot, Refinery  
  21  2:23  Barracks Reactor  
  21  2:24  SCV  
  22  2:36  SCV  
  23  2:49  SCV  
  24  2:55  Command Center  
  24  2:59  Starport  
  24  3:01  Marine  
  24  3:03  Marine  
  26  3:06  Factory Reactor  
  26  3:09  SCV  
  27  3:20  Orbital Command  
  27  3:22  SCV  
  27  3:24  Marine  
  29  3:28  Marine  
  30  3:35  SCV  
  31  3:45  Barracks  
  31  3:47  Barracks  
  31  3:49  SCV  
  31  3:52  SCV  
  33  4:03  Marine x2  
  33  4:04  Medivac x2  
  33  4:06  Factory Tech Lab  
  33  4:09  SCV  
  40  4:15  Engineering Bay  
  40  4:26  SCV, Orbital Command  
  40  4:28  Marine x2  
  43  4:32  SCV  
  43  4:35  Barracks Tech Lab  
  43  4:38  SCV  
  44  4:45  Marine  
  44  4:46  Marine  
  44  4:47  Terran Infantry Weapons Level 1  
  44  4:49  Factory Reactor  
  44  4:50  SCV, Engineering Bay  
  44  4:51  SCV  
  48  4:58  Refinery  
  48  5:01  Stimpack  
  48  5:03  Combat Shield  
  48  5:07  Marine x3  
  48  5:11  Marine  
  48  5:13  SCV  
  53  5:15  SCV  
  53  5:17  Refinery  
  53  5:20  SCV  
  55  5:24  Supply Depot  
  55  5:25  SCV, Marine x2  
  55  5:26  Terran Infantry Armor Level 1  
  55  5:27  SCV  
  59  5:29  Marauder  
  61  5:41  Barracks  
  61  5:45  Barracks  
  61  5:46  SCV x2  
  61  5:47  SCV  
  61  5:48  Factory Reactor  
  64  5:53  Marine x4  
  68  5:58  SCV  
  69  6:09  Medivac x2  
  69  6:10  SCV x2  
  69  6:11  Marine x2  
  76  6:12  Supply Depot x2  
  76  6:14  Orbital Command  
  76  6:17  Supply Depot  
  77  6:22  Concussive Shells  
  77  6:24  Marine  
  78  6:27  SCV  
  78  6:29  Marine x4  
  83  6:39  Medivac x2, Marauder  
  89  6:42  Marauder  
  89  6:44  Armory, Factory Tech Lab  
  81  7:09  SCV  
  81  7:12  Siege Tank  
  81  7:13  Marine x2, Marauder x2  
  81  7:14  Marine x2  
  81  7:15  Medivac x2  
  97  7:21  SCV  
  98  7:30  SCV  
  98  7:32  SCV  
  98  7:33  SCV  
  98  7:34  Marine x2, Marauder x2  
  107  7:42  SCV  
  108  7:45  SCV  
  108  7:47  Terran Infantry Armor Level 2, Terran Infantry Weapons Level 2  
  108  7:48  Supply Depot  
  108  7:49  Supply Depot  
  109  8:10  SCV x2, Marauder  
  110  8:13  Supply Depot  
  104  8:34  SCV  
  105  8:35  Marine  
  105  8:36  Marine x5, Marauder x2  
  115  8:43  Supply Depot  
  115  8:44  Supply Depot  
  115  8:46  SCV, Supply Depot  
  115  8:47  Command Center, Supply Depot  
  116  8:50  Command Center  
  116  8:51  Supply Depot x2  
  116  8:53  Marine x2  
  116  8:54  Marine x2  
  116  8:55  Siege Tank  
  123  8:57  Barracks, Marauder x2  
  123  8:58  SCV, Barracks  
  123  9:00  Starport  
  123  9:02  SCV  
  129  9:11  Refinery  
  129  9:12  Refinery  
  129  9:14  SCV, Supply Depot  
  130  9:17  Marine x2  
  130  9:18  Marine x4, Marauder  
  130  9:19  Marauder  
  140  9:26  SCV  
  139  9:35  Marine x4  
  139  9:36  Marine  
  131  9:40  Marauder x2  
  131  9:42  Marine, Siege Tank  
  126  9:53  Marine x2  
  128  10:01  Marauder x2, Barracks Tech Lab  
  128  10:02  Barracks Reactor  
Show
View Real Time Build Order
Export as new Build Order

A.I. 1 (Elite) Terran 

Build Orders:  

Get SALT Encoding   

  12  0:00  SCV  
  13  0:13  SCV  
  14  0:18  Supply Depot  
  14  0:25  SCV  
  15  0:40  SCV  
  16  0:44  Barracks  
  16  0:52  SCV  
  17  1:04  SCV  
  18  1:16  SCV, Supply Depot  
  19  1:21  Refinery  
  19  1:28  SCV  
  19  1:32  Marine  
  21  1:40  SCV  
  22  1:49  Barracks  
  22  1:50  Marine  
  22  1:52  SCV  
  24  1:54  Refinery  
  24  2:01  Supply Depot  
  24  2:04  SCV  
  24  2:08  Marine  
  26  2:16  SCV  
  27  2:25  Marine, Factory  
  27  2:28  SCV  
  29  2:35  Marine  
  30  2:40  SCV  
  30  2:43  Marine  
  32  2:53  SCV, Marine  
  34  3:01  Marine  
  34  3:05  SCV  
  36  3:07  Barracks  
  36  3:11  Marine  
  37  3:17  SCV  
  37  3:19  Barracks Tech Lab  
  38  3:29  SCV  
  38  3:31  Starport  
  38  3:32  Supply Depot  
  38  3:33  Barracks Tech Lab  
  39  3:35  Factory Tech Lab  
  39  3:54  SCV, Marine x2  
  42  3:59  Stimpack  
  42  4:04  Combat Shield  
  42  4:06  SCV  
  43  4:18  SCV  
  44  4:30  SCV  
  45  4:39  Supply Depot  
  45  4:42  SCV  
  46  4:55  SCV  
  47  5:00  Marine x3  
  47  5:01  Medivac  
  47  5:02  Supply Depot  
  53  5:07  SCV  
  53  5:19  SCV  
  53  5:21  Barracks Reactor, Engineering Bay  
  54  5:24  Marauder, Siege Tank  
  54  5:25  Engineering Bay  
  59  5:29  Command Center, Supply Depot  
  59  5:31  SCV  
  60  5:48  Terran Infantry Weapons Level 1  
  60  5:51  Marauder, Terran Infantry Armor Level 1  
  60  5:56  Marauder  
  64  6:04  Supply Depot  
  64  6:13  Marauder  
  64  6:17  Siege Tank  
  64  6:18  Marauder  
  71  6:31  Supply Depot  
  71  6:34  Marauder  
  71  6:39  Marauder  
  75  6:42  SCV  
  75  6:45  SCV  
  77  6:49  Siege Tank  
  77  6:54  SCV  
  77  6:55  Marauder  
  77  6:57  SCV  
  68  7:07  SCV  
  69  7:09  SCV  
  70  7:19  SCV  
  70  7:21  SCV  
  72  7:31  SCV  
  72  7:34  SCV  
  74  7:39  Refinery  
  74  7:43  SCV  
  75  7:46  SCV  
  76  7:54  Concussive Shells, Marauder, Siege Tank  
  76  7:55  SCV, Marauder  
  76  7:58  SCV  
  80  8:07  SCV  
  69  8:18  Orbital Command  
  63  8:45  SCV  
  64  8:49  Armory  
  64  9:01  SCV  
  65  9:07  SCV  
  66  9:13  SCV  
  67  9:19  SCV  
  62  9:31  SCV  
Tags
 
Matchup
TvT
Race
Terran
Spawn Locations
Cross Positions
Add a new tag
Caveats
  • Supply blocks, unpowered buildings, or Contaminate may cause inaccurate times.
  • Supply counts are checked every 10 seconds.